 Dungeon Crawl Stone Soup version 0.31.0-12-g77e489cdc1 (webtiles) character file.

Game seed: 13643199931494574565

1843 ChrisAssaf the Chopper (level 8, 0/70 HPs)
             Began as a Yellow Draconian Chaos Knight on Mar 5, 2024.
             Was a Plaything of Xom.
             Succumbed to a water moccasin's poison
             ... on level 6 of the Dungeon.
             The game lasted 00:15:38 (5582 turns).

ChrisAssaf the Chopper (DrCK)                       Turns: 5582, Time: 00:15:39

Health: 0/70       AC:  6    Str: 15    XL:     8   Next: 87%
Magic:  2/8        EV: 14    Int: 13    God:    Xom [*.....]
Gold:   246        SH:  0    Dex: 14    Spells: 7/7 levels left

rFire   x . .        a - +0 hand axe (chaos)
rCold   + . .        g - orb {mayhem}
rNeg    . . .        (body armour unavailable)
rPois   .            (helmet restricted)
rElec   .            (no cloak)
rCorr   +            (no gloves)
SInv    .            (no boots)
Will    .....        d - amulet of guardian spirit
Stlth   +++          j - ring of ice
HPRegen 0.31/turn    (no ring)
MPRegen 0.11/turn

%: mayhem, guardian spirit
@: lethally poisoned (0 -> -17)
A: spit acid, AC +6, unfitting armour, cold-blooded, acid resistance, hooves 1,
stinger 1, agile 1
a: Breathe Acid, Renounce Religion


You were on level 6 of the Dungeon.
You worshipped Xom.
You were a special plaything of Xom.
You visited 1 branch of the dungeon, and saw 6 of its levels.

You collected 246 gold pieces.

Inventory:

Hand Weapons
 a - a +0 hand axe of chaos (weapon)
Armour
 g - an orb of mayhem (worn)
Jewellery
 d - an amulet of guardian spirit (around neck)
 j - a ring of ice (left hand)
 l - a ring of flight
 o - an amulet of regeneration
Talismans
 h - a beast talisman
Wands
 i - a wand of quicksilver (2)
 k - a wand of iceblast (2)
 m - a wand of polymorph (10)
Scrolls
 c - 6 scrolls of teleportation
 n - a scroll of vulnerability
 p - a scroll of identify
Potions
 e - 2 potions of attraction
 f - a potion of haste


   Skills:
 * Level 5.8 Fighting
 * Level 7.5 Axes
 * Level 5.0 Dodging
 * Level 4.0 Stealth
 * Level 3.1 Evocations
 * Level 2.6 Shapeshifting


You had 7 spell levels left.
You didn't know any spells.
Your spell library contained the following spells:

 Spells                   Type           Power      Damage    Failure   Level
 Ensorcelled Hibernation  Hex/Ice        0%         N/A       43%         2
 Passwall                 Erth           0%         N/A       67%         3
 Swiftness                Air            0%         N/A       67%         3


Dungeon Overview and Level Annotations

Branches:
Dungeon (6/15)
 Temple: D:4-7

Altars:
Qazlal
Yredelemnul
The Shining One

Shops:
D:1 ==   D:4 (

Annotations:
D:4 3 runed translucent doors, OlManJenkins's ghost, amateur DjFE; seawaffle's ghost, amateur TrSh; seawaffle's ghost, novice MiFi; talack's ghost, amateur GnHs


Innate Abilities, Weirdness & Mutations

You can spit globs of acid.
Your golden yellow scales are hard. (AC +6)
You cannot fit into any form of body armour.
You are cold-blooded and may be slowed by cold attacks.
You are resistant to acid. (rCorr)
You have large cloven feet.
Your tail ends in a venomous barb.
You are agile. (Dex +4, Str/Int -1)


Message History

The orc dies!
You see here a +0 dagger.
As you read the scroll of butterflies, it crumbles to dust.
You hear the flapping of tiny wings.
The orc priest is knocked back by the sudden gust.
The black bear is knocked back by the sudden gust.
The water moccasin is knocked back by the sudden gust.
The orc is knocked back by the sudden gust.
* * * LOW HITPOINT WARNING * * *
You feel extremely sick.
The water moccasin barely misses your butterfly.
The black bear misses your butterfly. The black bear claws your butterfly.
Your butterfly dies!
Your butterfly disappears in a burst of colours!
The orc hits your butterfly with a +0 hand axe.
Your butterfly dies!
Your butterfly disappears in a burst of colours!
The orc completely misses your butterfly.
The orc hits your butterfly with a +0 hand axe.
Your butterfly dies!
Your butterfly disappears in a burst of colours!
The orc closely misses your butterfly.
Unknown command.
Okay, then.
You swap places.
You have got your breath back.
* * * LOW HITPOINT WARNING * * *
You feel very sick.
The water moccasin completely misses your butterfly.
The black bear closely misses your butterfly. x3
The orc priest misses your butterfly.
The water moccasin closely misses your butterfly.
The orc misses something.
The orc hits your butterfly with a +0 hand axe.
Your butterfly dies!
Your butterfly disappears in a burst of colours!
The orc barely misses your butterfly.
You swap places.
You die...
Xom thinks this is hilarious!

#.....#####...#
##.......#....#
##.........<.#
######.....#....#
##b##...##.......#
#..bbb..####....[..♣
##.bb..### #......#♣ ##
##b.bbbb.b###....<..♣ #..
#bbb@b..b..##.......#
#...###bbb###..#.........
#...#bbb#####...........
#..bbbhb)b..#....
#..####bbb........ #
#.Sbbo.### #.bob..##
#.###..# .. .##


You could see a water moccasin (ally target), an orc priest and a neutral black
bear (fast, strong, frenzied, distracted, drained, ally target).

Vanquished Creatures
  Pikel (D:5)
  Grinder (D:5)
  Eustachio (D:4)
  A basilisk (D:5)
  A water moccasin (D:5)
  An ogre (D:5)
  A phantom (D:5)
  A lemure (D:5)
  4 scorpions
  A bombardier beetle (D:4)
  A quasit (D:5)
  2 hounds (D:5)
  2 orc priests (D:5)
  2 jellies (D:5)
  An iguana (D:4)
  Robin (D:4)
  A gnoll (D:5)
  3 adders
  3 dart slugs
  2 ribbon worms
  6 orcs
  8 ball pythons
  4 endoplasms
  3 giant cockroaches
  19 goblins
  7 hobgoblins
  14 jackals
  5 quokkas
  5 bats
  4 frilled lizards
  10 kobolds
  2 rats
118 creatures vanquished.

Vanquished Creatures (collateral kills)
  A bombardier beetle (D:3)
  3 orcs
4 creatures vanquished.

Grand Total: 122 creatures vanquished

Notes
Turn   | Place    | Note
-------+----------+-------------------------------------------
     0 | D:1      | ChrisAssaf the Draconian Chaos Knight began the quest for
                  | the Orb.
     0 | D:1      | Reached XP level 1. HP: 19/19 MP: 1/1
   270 | D:1      | Reached XP level 2. HP: 26/26 MP: 2/2
   286 | D:1      | Found Lihag's Jewellery Emporium.
   433 | D:1      | XOM: silly message
   474 | D:1      | Found Polin's Jewellery Boutique.
   677 | D:1      | Reached XP level 3. HP: 29/33 MP: 3/3
   813 | D:1      | XOM is BORED!
   813 | D:1      | XOM: silly message
   995 | D:1      | XOM: noise
  1911 | D:3      | Reached skill level 1 in Stealth
  2015 | D:3      | Reached skill level 4 in Axes
  2015 | D:3      | Reached XP level 4. HP: 40/40 MP: 1/4
  2091 | D:3      | XOM: silly message
  2637 | D:4      | HP: 1/40 [iguana (9)]
  2667 | D:4      | Noticed a scorpion
  2668 | D:4      | XOM: confuse monster(s)
  2673 | D:4      | Killed a scorpion
  2674 | D:4      | Reached XP level 5. HP: 35/46 MP: 2/5
  2742 | D:4      | XOM: divination: magic mapping
  2750 | D:4      | Reached skill level 1 in Evocations
  2852 | D:4      | Reached XP level 6. HP: 48/53 MP: 6/6
  2888 | D:4      | XOM: fog
  3059 | D:4      | Found a stormy altar of Qazlal.
  3059 | D:4      | XOM: 5-stop teleportation journey
  3194 | D:4      | XOM: give mutation
  3194 | D:4      | Gained mutation: You are agile. (Dex +4, Str/Int -1) [Xom's
                  | mischief]
  3270 | D:4      | XOM: give mutations
  3270 | D:4      | Gained mutation: You have large cloven feet. [Xom's grace]
  3270 | D:4      | Gained mutation: Your tail ends in a venomous barb. [Xom's
                  | grace]
  3401 | D:4      | Noticed Eustachio
  3403 | D:4      | XOM: scenery: 1 doors close
  3416 | D:4      | XOM: cast spell 'Death Channel'
  3426 | D:4      | Killed Eustachio
  3427 | D:4      | Reached skill level 5 in Axes
  3508 | D:4      | Found a runed translucent gate.
  3512 | D:4      | Found a runed translucent gate.
  3512 | D:4      | Found a runed translucent gate.
  3527 | D:4      | Found Quchysuh's Antique Weapon Emporium.
  3531 | D:4      | Noticed Robin
  3543 | D:4      | XOM: confusion (+ monsters)
  3549 | D:4      | Killed Robin
  3583 | D:4      | Found a basalt altar of Yredelemnul.
  3624 | D:4      | Noticed seawaffle's ghost (amateur TrSh)
  3624 | D:4      | Noticed talack's ghost (amateur GnHs)
  3625 | D:4      | Noticed OlManJenkins's ghost (amateur DjFE)
  3626 | D:4      | Noticed seawaffle's ghost (novice MiFi)
  4010 | D:4      | Found a glowing golden altar of the Shining One.
  4182 | D:4      | XOM: summons 4 hostile shadow creatures
  4183 | D:4      | XOM: smoke on damage
  4317 | D:5      | Entered Level 5 of the Dungeon
  4317 | D:5      | Noticed Edmund
  4319 | D:5      | Edmund changed into Edmund the gnoll
  4319 | D:5      | Noticed Edmund
  4340 | D:5      | Killed Edmund the gnoll
  4355 | D:5      | Your scales start taking on a golden yellow colour.
  4355 | D:5      | Reached XP level 7. HP: 34/60 MP: 5/7
  4355 | D:5      | Gained mutation: You are resistant to acid. (rCorr) [Yellow
                  | Draconian growth]
  4497 | D:5      | Reached skill level 1 in Shapeshifting
  4571 | D:5      | Noticed Grinder
  4575 | D:5      | XOM: swap monsters
  4584 | D:5      | Killed Grinder
  4585 | D:5      | Reached skill level 5 in Fighting
  4585 | D:5      | Reached skill level 6 in Axes
  4801 | D:5      | Reached XP level 8. HP: 32/68 MP: 3/8
  4994 | D:5      | XOM: noise
  5055 | D:5      | Reached skill level 7 in Axes
  5307 | D:5      | XOM: cast spell 'Cause Fear'
  5358 | D:5      | Noticed Pikel
  5365 | D:5      | Killed Pikel
  5366 | D:5      | Reached skill level 5 in Dodging
  5575 | D:6      | XOM: enchant monster (bad)
  5581 | D:6      | HP: 3/70 [poisoned by a water moccasin]
  5582 | D:6      | Succumbed to a water moccasin's poison

Illustrated notes

Levels and vault maps discovered:
D:1:      dpeg_cavernosity, layout_basic, serial_shops,
          nicolae_shop_gaudy_bauble, shop
D:2:      layout_rooms, minivault_14, minmay_statues_item,
          minmay_close_crescents
D:3:      layout_loops_corners, st_stairs_7, minmay_goblin_outpost
D:4:      minmay_evil_eye, layout_loops_cross, minitemple,
          nicolae_overflow_hidden_temple, cheibrodos_sewer_entry_bend,
          gammafunk_ghost_cemetery, minmay_door_square,
          kennysheep_pointless_box, grunt_ministairs_11, minmay_misc_feat_chi,
          chequers_mini_garden, nicolae_stop_n_shop_2, uniq_robin,
          uniq_eustachio
D:5:      layout_loops_cross, uniq_grinder, uniq_edmund, uniq_pikel
D:6:      layout_cave_pools, regret_index_kikubaaqudgha_part_by_part,
          mainiacjoe_overflow_tiny_flanked, minmay_temple_entry_glass,
          minmay_misc_feat_nine_boxes, serial_bayou_ford_a

Skill      XL: |  1  2  3  4  5  6  7  8 |
---------------+-------------------------+-----
Stealth        | 1 2 3 4 |  4.0
Axes           | 4 5 6 7 |  7.5
Fighting       | 4 5 |  5.8
Dodging        | 3 4 5 |  5.0
Evocations     | 1 2 3 |  3.1
Shapeshifting  | 1 2 |  2.6

Action                     |  1- 3 |  4- 6 |  7- 9 || total
---------------------------+-------+-------+-------++-------
  Melee: Hand axe          |   112 |   132 |    70 ||   314
         Tailslap          |    11 |    19 |    11 ||    41
         Punch             |     1 |     1 |       ||     2
         Kick              |       |    17 |    20 ||    37
Ability: Breathe Acid      |       |       |    11 ||    11
  Evoke: Wand              |       |     8 |     2 ||    10
    Use: Scroll            |     5 |     4 |     2 ||    11
         Potion            |     1 |     1 |       ||     2
   Stab: Sleeping          |     2 |     3 |     3 ||     8
         Confused          |       |     3 |       ||     3
 Armour: Skin              |    70 |    99 |    71 ||   240
  Dodge: Dodged            |   109 |   118 |    82 ||   309
